Map: Bel'Shir Vestige LE (Void)

Players

Loken - Winner!

  • Race: Zerg Zerg
  • League: Platinum
  • Spawn Location: 5:00

Natiking

  • Race: Protoss Protoss
  • Spawn Location: 11:00

VOD

Have the link to the VOD?

Description

Time

  • Played on: April 10, 2017, 6:43 p.m.
  • Length: 12:58
Show
View Real Time Build Order
Export as new Build Order

Loken Zerg - Winner!

Build Orders: Hatch First 

Get SALT Encoding   

  12  0:01  Drone  
  13  0:08  Drone  
  14  0:17  Overlord  
  14  0:37  Drone  
  14  0:38  Drone x2  
  17  0:51  Drone  
  18  1:00  Hatchery  
  17  1:10  Spawning Pool  
  16  1:12  Drone  
  17  1:22  Drone  
  17  1:25  Drone, Extractor  
  18  1:32  Overlord  
  18  1:57  Queen  
  18  1:59  Zergling x4  
  22  2:11  Queen  
  24  2:16  Drone x3  
  27  2:29  Metabolic Boost  
  27  2:33  Queen  
  29  2:40  Drone  
  29  2:41  Drone x2  
  32  2:47  Queen  
  33  3:00  Drone  
  33  3:01  Drone x2  
  33  3:03  Overlord x2  
  36  3:10  Roach Warren  
  35  3:20  Extractor  
  34  3:37  Drone x3  
  34  3:38  Drone x5  
  42  3:47  Lair  
  42  3:51  Drone  
  42  3:52  Drone x4  
  47  4:15  Drone  
  47  4:16  Drone x4  
  52  4:20  Overlord  
  52  4:25  Pneumatized Carapace  
  52  4:31  Extractor x2  
  50  4:34  Spore Crawler  
  49  4:46  Overlord x3  
  49  5:02  Hatchery  
  48  5:11  Zergling x2  
  48  5:12  Zergling x12  
  55  5:16  Glial Reconstitution  
  55  5:21  Hydralisk Den  
  54  5:31  Infestation Pit  
  53  5:49  Overseer  
  52  5:55  Zergling x2  
  52  5:56  Zergling x18  
  54  6:10  Hive  
  54  6:11  Drone  
  54  6:12  Drone  
  55  6:24  Queen  
  57  6:48  Drone x10  
  67  6:59  Evolution Chamber  
  66  7:01  Evolution Chamber  
  66  7:02  Evolution Chamber  
  63  7:14  Drone x3  
  63  7:15  Drone x5  
  71  7:31  Spore Crawler  
  71  7:34  Spine Crawler  
  69  7:39  Hatchery  
  69  7:40  Zerg Melee Weapons Level 1, Zerg Ground Armor Level 1  
  68  7:49  Spore Crawler  
  67  7:51  Spine Crawler  
  67  7:55  Spine Crawler, Hydralisk x6  
  67  7:56  Hydralisk x2  
  81  8:00  Overlord x3  
  81  8:01  Overlord  
  81  8:09  Adrenal Glands  
  81  8:18  Drone x2  
  81  8:19  Drone x10  
  93  8:30  Drone x3, Extractor  
  93  8:31  Drone x5  
  93  8:32  Extractor  
  99  8:39  Muscular Augments  
  99  9:22  Zergling x24  
  99  9:23  Zergling x16  
  119  9:59  Overlord  
  119  10:00  Overlord x5  
  119  10:01  Overlord x6  
  119  10:06  Zerg Melee Weapons Level 2  
  119  10:07  Zerg Ground Armor Level 2  
  119  10:09  Zerg Missile Weapons Level 1  
  119  10:30  Lurker Den  
  119  10:34  Roach  
  119  10:35  Roach x13  
  147  10:36  Roach x8  
  163  11:08  Hatchery  
  136  11:27  Hydralisk  
  136  11:28  Hydralisk x15  
  136  11:29  Hydralisk  
  108  12:20  Hydralisk x5  
  108  12:21  Hydralisk x14  
  138  12:45  Hatchery  
Show
View Real Time Build Order
Export as new Build Order

Natiking Protoss 

Build Orders: Zealot Archon, Dark Templar Rush 

Get SALT Encoding   

  12  0:01  Probe (Chrono Boost)  
  13  0:12  Probe (Chrono Boost)  
  14  0:18  Pylon  
  14  0:22  Probe (Chrono Boost)  
  15  0:39  Gateway  
  15  0:40  Probe (Chrono Boost)  
  16  0:50  Probe (Chrono Boost)  
  17  0:57  Gateway  
  17  1:01  Probe (Chrono Boost)  
  18  1:04  Pylon  
  18  1:08  Assimilator  
  19  1:11  Probe (Chrono Boost)  
  19  1:22  Probe (Chrono Boost)  
  20  1:25  Cybernetics Core  
  20  1:30  Zealot  
  22  1:35  Probe (Chrono Boost)  
  23  1:42  Assimilator  
  23  1:46  Probe (Chrono Boost)  
  24  1:47  Zealot  
  24  1:53  Zealot  
  26  1:57  Warp Gate  
  29  2:09  Probe (Chrono Boost)  
  29  2:14  Zealot  
  31  2:20  Pylon  
  31  2:34  Zealot  
  31  2:36  Pylon  
  31  2:39  Probe (Chrono Boost)  
  31  2:42  Twilight Council  
  35  2:52  Probe (Chrono Boost)  
  34  3:06  Stalker  
  36  3:15  Gateway  
  36  3:16  Pylon  
  36  3:19  Zealot  
  38  3:31  Dark Shrine  
  38  3:47  Gateway  
  38  4:08  Zealot  
  40  4:13  Nexus  
  40  4:14  Zealot  
  40  4:16  Pylon  
  42  4:38  Stalker  
  44  4:54  Dark Templar  
  44  4:58  Dark Templar  
  48  5:18  Dark Templar  
  50  5:23  Zealot  
  50  6:01  Zealot x4  
  59  6:04  Probe (Chrono Boost)  
  57  6:14  Probe (Chrono Boost)  
  58  6:18  Templar Archives  
  58  6:22  Assimilator  
  58  6:24  Assimilator  
  58  6:25  Probe (Chrono Boost)  
  59  6:32  Stalker x2  
  63  6:33  Stalker x2  
  63  6:35  Probe (Chrono Boost)  
  69  6:41  Probe (Chrono Boost)  
  69  6:46  Probe (Chrono Boost)  
  70  6:53  Probe (Chrono Boost)  
  71  6:54  Pylon  
  71  6:57  Gateway, Probe (Chrono Boost)  
  72  7:04  Gateway  
  70  7:18  Gateway  
  70  7:19  Gateway  
  70  7:25  High Templar x2  
  70  7:27  Zealot  
  70  7:28  Zealot  
  78  7:30  Archon  
  78  7:45  Probe (Chrono Boost)  
  79  7:52  Zealot x2  
  79  7:55  Charge  
  79  7:56  Probe (Chrono Boost)  
  84  8:00  Forge  
  84  8:03  Forge  
  84  8:06  Probe (Chrono Boost)  
  85  8:17  Probe (Chrono Boost)  
  86  8:33  Pylon  
  86  8:34  Pylon  
  86  8:36  Pylon  
  86  8:37  Pylon  
  86  8:40  Protoss Ground Weapons Level 1  
  86  8:44  Protoss Ground Armor Level 1  
  86  8:51  Probe (Chrono Boost)  
  86  8:53  High Templar  
  86  8:55  High Templar  
  91  8:59  Archon  
  91  9:04  Stalker  
  91  9:07  Stalker  
  95  9:11  Probe (Chrono Boost)  
  96  9:21  Probe (Chrono Boost)  
  97  9:28  Gateway  
  97  9:34  Pylon  
  97  9:39  High Templar  
  97  9:40  High Templar, Zealot  
  97  9:41  Zealot  
  97  9:44  Archon  
  105  10:05  Dark Templar  
  107  10:07  Dark Templar  
  107  10:12  Nexus  
  107  10:13  Pylon  
  109  10:21  Stargate  
  109  10:23  Stargate  
  109  10:33  Zealot x2  
  113  10:41  Protoss Ground Weapons Level 2  
  113  10:53  Zealot x3  
  105  11:27  Zealot x3  
  105  11:30  Zealot x2  
  105  11:31  Zealot x3  
  71  11:58  High Templar  
  71  11:59  High Templar  
  75  12:03  Probe (Chrono Boost)  
  75  12:05  Zealot  
  75  12:06  Zealot x4  
  86  12:13  Probe (Chrono Boost)  
  71  12:21  Archon  
  55  12:24  Probe (Chrono Boost)  
  55  12:26  Stalker  
  55  12:27  Stalker x4  
  66  12:30  Dark Templar  
Tags
 
Add a new tag
Caveats
  • Supply blocks, unpowered buildings, or Contaminate may cause inaccurate times.
  • Supply counts are checked every 10 seconds.